 Dungeon Crawl Stone Soup version 0.20.1-1-g8b1a95d (webtiles) character file.

1809 megamataman the Cudgeler (level 8, -2/79 HPs)
             Began as a Troll Berserker on Aug 3, 2017.
             Was a Priest of Trog.
             Slain by an orc wizard
             ... wielding a cursed -2 dagger
              (3 damage)
             ... on level 6 of the Dungeon.
             The game lasted 00:33:05 (4594 turns).

megamataman the Cudgeler (Troll Berserker)          Turns: 4594, Time: 00:33:06

Health: -2/79      AC:  9    Str: 28    XL:     8   Next: 84%
Magic:  7/7        EV: 16    Int:  3    God:    Trog [***...]
Gold:   247        SH:  0    Dex:  9    Spells: 7/7 levels left

rFire    + . .     SeeInvis .   A - +0 giant club
rCold    + + .     Gourm    +   (shield currently unavailable)
rNeg     . . .     Faith    .   n - +2 robe {Archmagi}
rPois    +         Spirit   .   (helmet restricted)
rElec    +         Reflect  .   z - +1 cloak of Starlight {rElec rC+ EV+4 Stlth--}
rCorr    +         Harm     .   (gloves unavailable)
MR       .....     Rnd*Tele +   (boots unavailable)
Stlth    ..........             (no amulet)
Regen    0.7/turn               i - ring of teleportation
MPRegen  0.1/turn               (no ring)

@: about to teleport, resistant, berserk cooldown, hasted and slowed
A: unfitting armour, claws 3, talons 1, blink, fast metabolism 3, gourmand,
regeneration 1, shaggy fur 1, tough skin 2
a: Blink, Berserk, Trog's Hand, Burn Spellbooks, Renounce Religion


You were on level 6 of the Dungeon.
You worshipped Trog.
Trog was most pleased with you.
You were not hungry.

You visited 2 branches of the dungeon, and saw 8 of its levels.

You collected 247 gold pieces.

Inventory:

Hand Weapons
 A - a +0 giant club (weapon)
Missiles
 j - 56 bolts
Armour
 n - a +2 robe of the Archmagi (worn)
 z - the +1 cloak of Starlight (worn) {rElec rC+ EV+4 Stlth--}
   (You found it on level 5 of the Dungeon)

   It affects your evasion (+4).
   It protects you from cold.
   It insulates you from electricity.
   It makes you much less stealthy.
Jewellery
 i - a ring of teleportation (left claw)
Scrolls
 d - 3 scrolls of identify
 k - 4 scrolls of teleportation
 o - a scroll of fog
 p - 2 scrolls of random uselessness
 s - a scroll of enchant armour
 B - a scroll of holy word
 D - a scroll of blinking
Potions
 m - a potion of flight
 r - a potion of mutation
 x - a potion of brilliance
Comestibles
 c - 3 bread rations
 f - 6 meat rations
 h - 2 royal jellies
 l - 9 fruits
 E - 5 chunks of flesh


   Skills:
 + Level 4.5 Fighting
 + Level 7.7 Maces & Flails
   Level 2.3 Polearms
 + Level 5.4 Dodging
 + Level 0.6 Stealth


You had 7 spell levels left.
You didn't know any spells.

Dungeon Overview and Level Annotations

Branches:
Dungeon (7/15)             Temple (1/1) D:4

Altars:
Cheibriados
Dithmenos
Elyvilon
Fedhas
Hepliaklqana
Kikubaaqudgha
Makhleb
Nemelex Xobeh
Okawaru
Qazlal
Trog
Uskayaw
Xom
Yredelemnul
The Shining One


Innate Abilities, Weirdness & Mutations

You are too large for most types of armour.
You have claws for hands.
Your metabolism is lightning-fast.
You like to eat raw meat.
Your natural rate of healing is unusually fast.
You are covered in fur. (AC +1)
You have very tough skin. (AC +2)
You have sharp toenails.
You can translocate small distances at will.


Message History

The gnoll misses you. The gnoll completely misses you.
The orc hits you but does no damage. The orc wizard misses you.
You are too injured to fight recklessly!
As you read the scroll of remove curse, it crumbles to dust.
You feel as if something is helping you.
The gnoll completely misses you. The gnoll barely misses you.
The orc hits you but does no damage. The orc wizard completely misses you.
Unknown command.
As you read the scroll of teleportation, it crumbles to dust.
You feel strangely unstable.
The gnoll hits you from afar with a spear of freezing.
* * * LOW HITPOINT WARNING * * *
The gnoll misses you. The orc hits you but does no damage.
The orc wizard mumbles some strange words.
The orc wizard seems to speed up.
You feel protected. The gnoll misses you. The gnoll hits you with a whip.
* * * LOW HITPOINT WARNING * * *
The orc wizard hits you with a dagger.
You die...

#######..#
.........#
....<....#
.........
.........
........##
.....go.g#
<.....o@.#
.......)>#
.......).#
.........#
........##
#......##
#######


You could see an orc wizard, 2 gnolls and an orc.

Vanquished Creatures
  Pikel (D:7)
  A hippogriff (D:7)
  2 orc warriors
  An ice beast (D:5)
  An ogre (D:7)
  A centaur (D:7)
  A bullfrog (D:7)
  2 howler monkeys (D:5)
  A vampire bat (D:4)
  A bullfrog zombie (D:5)
  3 crimson imps
  2 hounds
  2 orc priests
  An iguana (D:5)
  3 worker ants
  A hound skeleton (D:7)
  3 gnolls
  2 river rats (D:7)
  5 adders
  A shadow imp (D:5)
  2 oozes
  3 worms
  A dart slug (D:2)
  3 fire bats (D:4)
  4 leopard geckos
  12 orcs
  2 spectral bats (D:4)
  3 bat skeletons (D:4)
  A bat zombie (D:4)
  4 giant cockroaches
  3 goblins
  4 hobgoblins
  7 jackals
  10 kobolds
  3 quokkas
  A ball python (D:4)
  18 bats
  A bat simulacrum (D:4)
  4 frilled lizards
  A jackal skeleton (D:5)
  A quokka skeleton (D:4)
  3 rats
126 creatures vanquished.

Vanquished Creatures (others)
  3 slaves (D:7)
  A hound zombie (D:7)
  A river rat (D:7)
  2 plants (D:7)
7 creatures vanquished.

Grand Total: 133 creatures vanquished

Notes
Turn   | Place    | Note
-------+----------+-------------------------------------------
     0 | D:1      | megamataman the Troll Berserker began the quest for the Orb.
     0 | D:1      | Reached XP level 1. HP: 22/22 MP: 0/0
   102 | D:1      | Gained mutation: You can translocate small distances at will. [potion of mutation]
   102 | D:1      | Gained mutation: You have sharp toenails. [potion of mutation]
   128 | D:1      | Reached skill level 3 in Maces & Flails
   128 | D:1      | Reached XP level 2. HP: 29/29 MP: 1/1
   658 | D:1      | Reached XP level 3. HP: 36/36 MP: 2/2
   812 | D:2      | Reached ** piety under Trog
   863 | D:2      | Reached skill level 1 in Polearms
   970 | D:2      | Reached XP level 4. HP: 45/45 MP: 3/3
  1676 | D:3      | Found an iron altar of Okawaru.
  1896 | D:3      | Reached XP level 5. HP: 39/53 MP: 4/4
  1939 | D:3      | Found a hide-covered altar of Uskayaw.
  2303 | D:4      | Found a basalt altar of Yredelemnul.
  2352 | D:4      | Found a staircase to the Ecumenical Temple.
  2873 | D:4      | Reached XP level 6. HP: 61/61 MP: 5/5
  2960 | D:4      | Found a bloodstained altar of Trog.
  3440 | D:4      | Paralysed by fainting for 8 turns
  3471 | D:4      | Paralysed by fainting for 11 turns
  3495 | Temple   | Entered the Ecumenical Temple
  3612 | D:5      | Entered Level 5 of the Dungeon
  3748 | D:5      | Reached *** piety under Trog
  3748 | D:5      | Reached skill level 4 in Maces & Flails
  3868 | D:5      | Found a snail-covered altar of Cheibriados.
  3928 | D:5      | Noticed an ice beast
  3935 | D:5      | Killed an ice beast
  3935 | D:5      | Reached XP level 7. HP: 68/68 MP: 6/6
  4147 | D:5      | You fall through a shaft for 2 floors!
  4155 | D:7      | Reached skill level 5 in Maces & Flails
  4221 | D:7      | Noticed Pikel
  4245 | D:7      | Killed Pikel
  4245 | D:7      | Reached skill level 6 in Maces & Flails
  4245 | D:7      | Reached skill level 5 in Dodging
  4245 | D:7      | Reached XP level 8. HP: 78/78 MP: 7/7
  4311 | D:7      | Noticed a hippogriff
  4319 | D:7      | Killed a hippogriff
  4319 | D:7      | Reached skill level 7 in Maces & Flails
  4460 | D:7      | Found a burning altar of Makhleb.
  4594 | D:6      | HP: 1/79 [gnoll/whip (4)]
  4594 | D:6      | Slain by an orc wizard

Skill      XL: |  1  2  3  4  5  6  7  8 |
---------------+-------------------------+-----
Maces & Flails | 3 4 6 7 |  7.7
Polearms       | 1 2 |  2.3
Fighting       | 3 4 |  4.5
Dodging        | 3 4 5 |  5.4
Stealth        | |  0.6

Action                   |  1- 3 |  4- 6 |  7- 9 || total
-------------------------+-------+-------+-------++-------
Melee: Spear             |    83 |    77 |       ||   160
       Mace              |     4 |       |       ||     4
       Kick              |    13 |    47 |    23 ||    83
       Morningstar       |       |   133 |    59 ||   192
       Giant club        |       |       |    21 ||    21
Invok: Berserk           |     2 |     3 |     5 ||    10
       Trog's Hand       |       |     2 |       ||     2
  Use: Potion            |     6 |       |     6 ||    12
       Scroll            |     3 |     8 |     2 ||    13
  Eat: Chunk             |    11 |    31 |     5 ||    47
       Bread ration      |       |     1 |       ||     1
Armor: Animal skin       |    24 |     1 |       ||    25
       Robe              |       |   174 |    30 ||   204
       Skin              |       |       |    16 ||    16
Dodge: Dodged            |    52 |   256 |    76 ||   384
